 Dungeon Crawl Stone Soup version 0.31-a0-231-g51bb95cda3 (webtiles) character file.

Game seed: 17065197219688715416

150 qw the Shooter (level 5, 0/30 HPs)
             Began as a Gargoyle Hexslinger on July 6, 2023.
             Slain by Edmund
             ... wielding a +0 dire flail of protection
              (8 damage)
             ... on level 4 of the Dungeon.
             The game lasted 00:00:53 (2983 turns).

qw the Shooter (Gargoyle Hexslinger)                Turns: 2983, Time: 00:00:54

Health: 0/30       AC: 10    Str: 12    XL:     5   Next: 32%
Magic:  6/6        EV: 10    Int: 13    God:
Gold:   139        SH:  0    Dex: 14    Spells: 5/6 levels left

rFire   . . .        a - +0 shortbow
rCold   . . .        (shield currently unavailable)
rNeg    + . .        b - +0 ring mail
rPois   inf          j - +0 helmet
rElec   +            (no cloak)
rCorr   +            (no gloves)
SInv    .            (no boots)
Will    .....        (no amulet)
Stlth   +            k - ring of resist corrosion
HPRegen 0.25/turn    (no ring)
MPRegen 0.10/turn

%: no passive effects
@: no status effects
A: sickness immunity, AC +4, negative energy resistance 1, electricity
resistance, torment resistance 1, petrification resistance
a: no special abilities


You were on level 4 of the Dungeon.
You visited 1 branch of the dungeon, and saw 4 of its levels.

You collected 139 gold pieces.


Innate Abilities, Weirdness & Mutations

You are immune to sickness and miasma.
Your stone body is resilient. (AC +4)
You are immune to poison.
You resist negative energy. (rN+)
You are resistant to electric shocks. (rElec)
You are resistant to unholy torment.
You are immune to petrification.


   Skills:
 - Level 2.0 Fighting
 + Level 4.9 Ranged Weapons
 - Level 1.0 Armour
 - Level 1.5 Dodging
 - Level 1.0 Spellcasting
 - Level 2.6 Hexes


You had 5 spell levels left.
You knew the following spells:

 Your Spells              Type           Power      Damage    Failure   Level
a - Slow                  Hex            28%        N/A       22%         1

Your spell library contained the following spells:

 Spells                   Type           Power      Damage    Failure   Level
 Inner Flame              Hex/Fire       4%         N/A       73%         3
 Portal Projectile        Hex/Tloc       8%         N/A       73%         3
 Cause Fear               Hex            3%         N/A       91%         4

Inventory:

Hand Weapons
 a - a +0 shortbow (weapon)
Armour
 b - a +0 ring mail (worn)
 j - a +0 helmet (worn)
Jewellery
 k - a ring of resist corrosion (left hand)
Scrolls
 c - a scroll of immolation {unknown}
Potions
 f - a potion of berserk rage {unknown}
 g - a potion of curing
 h - a potion of brilliance {unknown}
 i - a potion of attraction {unknown}
 l - a potion of might {unknown}

Dungeon Overview and Level Annotations

Branches:
Dungeon (4/15)
 Temple: D:4-7

Altars:
Nemelex Xobeh
Wu Jian

Annotations:
D:3 1 runed translucent door, Crazy Yiuf
D:4 Edmund


Message History

2933 ||| DROPPING +1 sling.
You drop a +1 sling.
Could not explore, unopened runed door.
(D) Dungeon
Where to? (* - list waypoints, Enter - D:4, ? - help)
What level of the Dungeon? (default 1, ? - help)
You see here a centaur corpse.
There is a stone staircase leading down here.
You climb downwards.
There is a stone staircase leading up here.
You see here a +0 mace of protection.
c - a scroll labelled VOCESU UBAFE A kobold comes into view.
It is wielding a +0 dagger.
The kobold moves out of view.
Edmund the Younger comes into view.
He is wielding a +0 dire flail of protection.
Edmund shouts!
You shoot an arrow. The arrow hits Edmund.
Edmund is lightly wounded.
You shoot an arrow.
The arrow hits Edmund but does no damage.
Edmund is lightly wounded.
Edmund hits you with a +0 dire flail of protection.
You shoot an arrow. The arrow closely misses Edmund.
Edmund hits you with a +0 dire flail of protection.
You shoot an arrow.
The arrow hits Edmund but does no damage.
Edmund is lightly wounded.
Edmund hits you with a +0 dire flail of protection!
The kobold closely misses you.
You shoot an arrow.
The arrow hits Edmund but does no damage.
Edmund is lightly wounded.
Edmund barely misses you. The kobold closely misses you.
You shoot an arrow. The arrow closely misses Edmund.
Edmund closely misses you. The kobold hits you but does no damage.
Edmund hits you with a +0 dire flail of protection!
The kobold hits you with a +0 dagger.
You shoot an arrow. The arrow hits Edmund.
Edmund is lightly wounded.
Edmund hits you with a +0 dire flail of protection!
You die...

####.. ..#.# #.#.#
#.#.# #.#.# ##.#.#
#.#.# ###....#
#.#.# ##...#..#
#.#.# ........#
#.#.#
......#.#######.@.#
......#.........@.#
<...(.####...###K.#
......# #..## #..#
......# #..# #..#
........ #..# #..#
######## #..# #..#
#... ..## ...# #.#
##.#


You could see Edmund and a kobold.

Vanquished Creatures
  A centaur (D:3)
  An adder (D:2)
  A dart slug (D:2)
  4 orcs (D:3)
  5 endoplasms
  A giant cockroach (D:1)
  7 goblins
  7 hobgoblins
  6 jackals (D:3)
  A kobold (D:3)
  4 quokkas
  4 bats
  3 frilled lizards
  4 rats
49 creatures vanquished.

Notes
Turn   | Place    | Note
-------+----------+-------------------------------------------
     0 | D:1      | qw the Gargoyle Hexslinger began the quest for the Orb.
     0 | D:1      | Reached XP level 1. HP: 12/12 MP: 2/2
     0 | D:1      | 0 ||| qw: Version: 0.3-a-46-gb1f654a
     0 | D:1      | 0 ||| qw: Game counter: 1906
     0 | D:1      | 0 ||| qw: Melee chars always use a shield: true
     0 | D:1      | 0 ||| qw: God list: Okawaru
     0 | D:1      | 0 ||| qw: Allow faded altars: false
     0 | D:1      | 0 ||| qw: Do Orc after clearing Dungeon:15 true
     0 | D:1      | 0 ||| qw: Do second Lair branch before Depths: true
     0 | D:1      | 0 ||| qw: Lair rune preference: random
     0 | D:1      | 0 ||| qw: Goals: Normal
     0 | D:1      | 0 ||| PLANNING D:1-11
   287 | D:1      | Reached XP level 2. HP: 16/16 MP: 3/3
   651 | D:1      | Reached skill level 3 in Ranged Weapons
   706 | D:1      | 706 ||| UPGRADING to +0 helmet.
   711 | D:1      | 711 ||| READING scroll labelled VOZOEX SEANE.
   712 | D:1      | 712 ||| READING scroll labelled SAINNAG KURA.
   725 | D:1      | 725 ||| READING scroll labelled WELU VOAFREUPT.
   726 | D:1      | 726 ||| READING scroll labelled RALEED OVIA.
   727 | D:1      | 727 ||| DROPPING scroll of poison.
  1003 | D:2      | Reached XP level 3. HP: 21/21 MP: 4/4
  1458 | D:2      | 1458 ||| UPGRADING to +0 ring mail.
  1468 | D:2      | 1468 ||| DROPPING +0 robe.
  1469 | D:2      | 1469 ||| UPGRADING to ring of resist corrosion.
  1470 | D:2      | 1470 ||| READING scroll labelled ISSIRPH CUARIKE.
  1471 | D:2      | 1471 ||| READING scroll labelled FUTAR SOCAMATU.
  1472 | D:2      | 1472 ||| READING scroll labelled EMYPULUONI.
  1514 | D:3      | Found a sparkling altar of Nemelex Xobeh.
  1806 | D:3      | Reached skill level 1 in Armour
  1828 | D:3      | Reached XP level 4. HP: 26/26 MP: 5/5
  1840 | D:3      | Found an ornate altar of the Wu Jian Council.
  2005 | D:3      | HP: 2/26 [orc/+0 flail (7)]
  2236 | D:3      | Found a runed translucent door.
  2237 | D:3      | Noticed Crazy Yiuf
  2630 | D:3      | 2630 ||| DRINKING 2 viscous clear potions.
  2642 | D:4      | Noticed a centaur
  2647 | D:4      | 2647 ||| STAIRDANCE
  2692 | D:4      | 2692 ||| STAIRDANCE
  2755 | D:4      | 2755 ||| STAIRDANCE
  2811 | D:4      | 2811 ||| STAIRDANCE
  2822 | D:3      | HP: 4/26 [centaur (3)]
  2823 | D:3      | Killed a centaur
  2824 | D:3      | Reached skill level 4 in Ranged Weapons
  2824 | D:3      | Reached XP level 5. HP: 5/30 MP: 6/6
  2932 | D:3      | 2932 ||| SWAPPING to +0 shortbow.
  2933 | D:3      | 2933 ||| DROPPING +1 sling.
  2976 | D:4      | Noticed Edmund
  2983 | D:4      | Slain by Edmund

Levels and vault maps discovered:
D:1:      dpeg_arrival_leaves_temple_mockup, layout_loops_ring, minmay_cut_off
D:2:      layout_basic
D:3:      layout_loops_corners, mainiacjoe_overflow_cross_hatched,
          nzn_wu_jian_council_hall, uniq_crazy_yiuf_cottage
D:4:      layout_loops_ring, minmay_a_box_with_orc_wizards_in_it, uniq_edmund,
          uniq_blork_the_orc, uniq_ijyb

Skill      XL: |  1  2  3  4 |
---------------+-------------+-----
Ranged Weapons | 3 4 |  4.9
Fighting       | 2 |  2.0
Armour         | 1 |  1.0
Dodging        | |  1.5
Spellcasting   | |  1.0
Hexes          | |  2.6

Action                     |  1- 3 |  4- 6 || total
---------------------------+-------+-------++-------
   Fire: Sling             |   141 |    48 ||   189
         Shortbow          |       |     7 ||     7
    Use: Scroll            |     7 |       ||     7
         Potion            |       |     1 ||     1
 Armour: Robe              |     8 |       ||     8
         Ring mail         |    50 |    35 ||    85
  Dodge: Dodged            |    58 |    45 ||   103

Table legend:
 A = Non-vault XP
 B = Vault XP
 C = Vault XP percentage of total XP
 D = Non-vault monster count
 E = Vault monster count
 F = Vault count percentage of total count
                 A         B        C        D         E       F
            +---------+---------+-------+---------+---------+-------
      Total |     212 |       3 |   1.4 |      47 |       2 |   4.1
            +---------+---------+-------+---------+---------+-------
        D:1 |      18 |       3 |  14.3 |      10 |       2 |  16.7
        D:2 |      40 |       0 |   0.0 |      15 |       0 |   0.0
        D:3 |     154 |       0 |   0.0 |      22 |       0 |   0.0
            +---------+---------+-------+---------+---------+-------
